 Dungeon Crawl Stone Soup version 0.26.1-10-gdfb7c7de75 (webtiles) character file.

Game seed: 16230784819921665383

204 H0rd4k the Charlatan (level 6, 0/44 HPs)
             Began as a Human Artificer on Mar 31, 2021.
             Killed by nerve-wracking pain
             ... invoked by a shadow imp
              (14 damage)
             ... on level 5 of the Dungeon.
             The game lasted 00:04:01 (5679 turns).

H0rd4k the Charlatan (Human Artificer)              Turns: 5679, Time: 00:04:02

Health: 0/44       AC:  3    Str: 14    XL:     6   Next: 9%
Magic:  6/6        EV: 12    Int: 11    God:
Gold:   186        SH:  0    Dex: 14    Spells: 5/5 levels left

rFire    + . .     SeeInvis .   c - +1 dagger (holy)
rCold    + . .     Faith    .   (no shield)
rNeg     . . .     Spirit   .   b - +0 leather armour
rPois    .         Reflect  .   (no helmet)
rElec    .         Harm     .   l - scarf {rC+ rF+}
rCorr    .         Rampage  .   (no gloves)
Will     .....                  (no boots)
Stlth    ++........             (no amulet)
HPRegen  0.14/turn              (no ring)
MPRegen  0.10/turn              (no ring)

@: no status effects
A: no striking features
a: no special abilities


You were on level 5 of the Dungeon.
You visited 1 branch of the dungeon, and saw 4 of its levels.

You collected 186 gold pieces.

Inventory:

Hand Weapons
 a - a +1 vorpal spear
 c - a +1 dagger of holy wrath (weapon)
 k - a +0 dagger
Missiles
 t - 2 poisoned darts
Armour
 b - a +0 leather armour (worn)
 l - a scarf of resistance (worn)
Jewellery
 o - an uncursed ring of flight
Wands
 d - a wand of enslavement (9)
 e - a wand of random effects (10)
Scrolls
 j - 2 scrolls of enchant armour {unknown}
 m - 3 scrolls of teleportation {unknown}
 p - a scroll of immolation {unknown}
 r - a scroll of enchant weapon {unknown}
 s - a scroll of amnesia {unknown}
Potions
 f - a potion of haste {unknown}
 g - a potion of berserk rage {unknown}
 h - 2 potions of magic {unknown}
 i - a potion of ambrosia {unknown}
 n - 2 potions of attraction {unknown}
 q - a potion of lignification {unknown}
 u - a potion of degeneration {unknown}


   Skills:
 + Level 2.0 Fighting
 + Level 2.1 Short Blades
 + Level 3.0 Armour
 + Level 2.3 Dodging
 + Level 1.4 Stealth
 + Level 4.1 Evocations


You had 5 spell levels left.
You didn't know any spells.
Your spell library was empty.

Dungeon Overview and Level Annotations

Branches:
Dungeon (3/15)

Altars:
Nemelex Xobeh
Ru
Trog

Annotations:
D:5 Sigmund


Message History

The orc wizard is smitten.
Your orc priest mumbles some strange prayers to Beogh against the howler monkey.
The howler monkey is smitten.
You hit the shadow imp but do no damage.
The orc wizard closely misses your orc priest.
The howler monkey hits your orc priest!
Your orc priest dies!
The shadow imp hits you.
Your orc priest hits the orc wizard with a +3 flail.
Sigmund casts a spell at you. The magic dart hits you!
The orc wizard hits your orc priest with a +0 dagger.
Your orc priest dies!
The shadow imp gestures at you. Pain shoots through your body!
* * * LOW HITPOINT WARNING * * *
The howler monkey hoots and howls with incredible vigour!
The shadow imp gestures at you. Pain shoots through your body!
You die...

.........................#
# ...............# #.g.#.#
...............# #...#.#
/..............#
###.##)...#
.......).)#....#
........#.#
#.....@)h.#....#
###.###.#.#
.........##....# #.###.#.#
.........##....##
#........
.......<.##@....#
#.###.#.#
.$.......5......# #. #.#.#
..#......##..##.#
#.###.#.# .
#####..##.....####........
###.....................
.....................#.#
...#.................#.#
.....................#.#
.........................


You could see a shadow imp.

Vanquished Creatures
  A hound (D:2)
  8 adders
  A shadow imp (D:2)
  2 worms
  4 dart slugs
  2 leopard geckos
  4 orcs (D:3)
  A giant cockroach (D:3)
  6 goblins
  7 hobgoblins
  5 jackals
  6 kobolds
  A quokka (D:3)
  4 bats
  3 frilled lizards (D:2)
  8 rats
63 creatures vanquished.

Vanquished Creatures (collateral kills)
  2 gnolls (D:5)
  2 orcs
  A bat (D:3)
  A frilled lizard (D:5)
  A kobold (D:3)
7 creatures vanquished.

Vanquished Creatures (others)
  2 orc priests (D:5)
2 creatures vanquished.

Grand Total: 72 creatures vanquished

Notes
Turn   | Place    | Note
-------+----------+-------------------------------------------
     0 | D:1      | H0rd4k the Human Artificer began the quest for the Orb.
     0 | D:1      | Reached XP level 1. HP: 15/15 MP: 1/1
   294 | D:1      | Reached XP level 2. HP: 19/21 MP: 2/2
   877 | D:1      | Reached XP level 3. HP: 16/26 MP: 3/3
  1855 | D:2      | Reached skill level 4 in Evocations
  2067 | D:2      | Reached XP level 4. HP: 29/32 MP: 4/4
  2360 | D:2      | Found a sparkling altar of Nemelex Xobeh.
  3257 | D:2      | Reached skill level 1 in Short Blades
  3607 | D:2      | Found a faded altar of an unknown god.
  3652 | D:2      | Reached XP level 5. HP: 24/37 MP: 5/5
  3851 | D:2      | Found a bloodstained altar of Trog.
  4711 | D:3      | Found a sacrificial altar of Ru.
  5623 | D:3      | Reached XP level 6. HP: 44/44 MP: 6/6
  5624 | D:3      | You fall into a shaft and drop 2 floors!
  5624 | D:5      | Entered Level 5 of the Dungeon
  5668 | D:5      | Noticed Sigmund
  5679 | D:5      | Killed from afar by a shadow imp

Illustrated notes

Levels and vault maps discovered:
D:1:      amcnicky_arrival_single_pillar, layout_basic, skrybe_limestone_x
D:2:      layout_basic, marbit_many_paths, chequers_ecumenical_altar_simple,
          nemelex_lonely_heart_becter
D:3:      layout_basic, nicolae_ru_sacrificial_ziggurat
D:5:      kennysheep_windowed_halls, layout_basic,
          gammafunk_temple_overflow_wave, uniq_crazy_yiuf_cottage, uniq_sigmund

Skill      XL: |  1  2  3  4  5 |
---------------+----------------+-----
Evocations     | 4 |  4.1
Short Blades   | 1 2 |  2.1
Dodging        | 2 |  2.3
Armour         | 3 |  3.0
Fighting       | 2 |  2.0
Stealth        | |  1.4

Action                   |  1- 3 |  4- 6 || total
-------------------------+-------+-------++-------
Melee: Club              |    92 |       ||    92
       Dagger            |    18 |   242 ||   260
Evoke: Wand              |     4 |    22 ||    26
 Stab: Sleeping          |     2 |     2 ||     4
       Paralysed         |       |     1 ||     1
Armor: Leather armour    |    27 |    43 ||    70
Dodge: Dodged            |    79 |   131 ||   210
